 Dungeon Crawl Stone Soup version 0.19.5 (webtiles) character file.

105 LORDOFBUTT the Shield-Bearer (level 5, 0/41 HPs)
             Began as a Formicid Fighter on Mar 21, 2017.
             Slain by Crazy Yiuf
             ... wielding a +3 quarterstaff of chaos
              (8 damage)
             ... on level 3 of the Dungeon.
             The game lasted 00:01:56 (2342 turns).

LORDOFBUTT the Shield-Bearer (Formicid Fighter)     Turns: 2342, Time: 00:01:56

Health: 0/41       AC:  8    Str: 21    XL:     5   Next: 9%
Magic:  1/5        EV:  8    Int:  7    God:
Gold:   88         SH: 10    Dex: 11    Spells: 0 memorised, 4 levels left

rFire  . . .     SeeInvis +     a - +0 war axe
rCold  . . .     Gourm    .     b - +0 scale mail
rNeg   . . .     Faith    .     c - +0 shield
rPois  .         Spirit   .     (helmet unavailable)
rElec  .         Reflect  .     (no cloak)
rCorr  .         Harm     .     (no gloves)
MR     .....                    h - +0 pair of boots
Stlth  ..........               (no amulet)
                                (no ring)
                                (no ring)

@: invisible
A: permanent stasis, dig shafts and tunnels, four strong arms, antennae 3
a: Dig, Shaft Self


You were on level 3 of the Dungeon.
You were not hungry.

You visited 1 branch of the dungeon, and saw 3 of its levels.

You collected 88 gold pieces.

Inventory:

Hand Weapons
 a - a +0 war axe (weapon)
Armour
 b - a +0 scale mail (worn)
 c - a +0 shield (worn)
 h - a +0 pair of boots (worn)
Jewellery
 k - an uncursed ring of ice {unknown}
 v - an uncursed amulet of faith {unknown}
Scrolls
 g - a scroll of teleportation {unknown}
 i - a scroll of remove curse
 j - a scroll of immolation {unknown}
 l - a scroll of fog {unknown}
 q - 4 scrolls of recharging {unknown}
 u - a scroll of magic mapping {unknown}
 x - a scroll of enchant armour {unknown}
 y - a scroll of identify
Potions
 d - a potion of might
 e - a potion of haste
 m - a potion of magic {unknown}
 n - a potion of invisibility
 o - 2 potions of agility
 r - a potion of lignification {unknown}
 t - a potion of resistance
 w - a potion of degeneration {unknown}
Comestibles
 f - 2 bread rations
 p - 3 fruits
 s - 2 meat rations
 z - 4 chunks of flesh


   Skills:
 - Level 3.2 Fighting
 * Level 3.2 Axes
 + Level 4.1 Armour
 * Level 4.9 Shields


You had 4 spell levels left.
You didn't know any spells.

Dungeon Overview and Level Annotations

Branches:
Dungeon (3/15)

Altars:

Annotations:
D:3 Crazy Yiuf


Innate Abilities, Weirdness & Mutations

You are under a permanent stasis effect.
You can dig through walls and to a lower floor.
Your four strong arms can wield two-handed weapons with a shield.
You have a pair of large antennae on your head. (SInv)


Message History

You barely miss Crazy Yiuf. Crazy Yiuf closely misses you.
You hit Crazy Yiuf but do no damage.
Crazy Yiuf cries, "You leg down broken song, no?"
Crazy Yiuf hits you with a quarterstaff of chaos!
Crazy Yiuf burns you.
You hit Crazy Yiuf.
Crazy Yiuf is moderately wounded.
Crazy Yiuf hits you with a quarterstaff of chaos!
You feel your power leaking away.
You hit Crazy Yiuf but do no damage.
Crazy Yiuf is moderately wounded.
Crazy Yiuf laughs, "Lay!"
Crazy Yiuf hits you with a quarterstaff of chaos!
* * * LOW HITPOINT WARNING * * *
Crazy Yiuf freezes you.
* * * LOW HITPOINT WARNING * * *
You block Crazy Yiuf's attack.
You fade into invisibility!
Crazy Yiuf hits you with a quarterstaff of chaos!
You die...

#........#
#....######.
#........#
#...........
##########
##........##
####.....+. #.....##
♣♣♣♣♣##....... ####
♣♣♣)♣).........#
#)))#♣))♣)....)##+#.#
#.)g@)♣♣♣♣........#.#
#)))#♣♣ ♣♣.......#..
#### ♣♣##.......
#...###. #...# #.
#####...###[
#...........
#.......####
#.......#...


You could see Crazy Yiuf.

Vanquished Creatures
  5 adders
  2 worms
  3 leopard geckos
  8 bats
  4 giant cockroaches
  4 goblins
  7 hobgoblins
  6 kobolds
  A ball python (D:1)
  3 frilled lizards
  12 rats
55 creatures vanquished.

Notes
Turn   | Place    | Note
-------+----------+-------------------------------------------
     0 | D:1      | LORDOFBUTT the Formicid Fighter began the quest for the Orb.
     0 | D:1      | Reached XP level 1. HP: 18/18 MP: 1/1
   142 | D:1      | Reached XP level 2. HP: 21/24 MP: 2/2
   722 | D:2      | Reached XP level 3. HP: 29/29 MP: 3/3
  1166 | D:2      | Reached XP level 4. HP: 34/35 MP: 4/4
  2255 | D:3      | Reached XP level 5. HP: 41/41 MP: 5/5
  2332 | D:3      | Found a runed door.
  2336 | D:3      | Noticed Crazy Yiuf
  2342 | D:3      | Slain by Crazy Yiuf

Skill      XL: |  1  2  3  4 |
---------------+-------------+-----
Shields        | 4 |  4.9
Axes           | 3 |  3.2
Armour         | 4 |  4.1
Fighting       | |  3.2

Action                   |  1- 3 |  4- 6 || total
-------------------------+-------+-------++-------
Melee: War axe           |   107 |    75 ||   182
  Use: Scroll            |       |     5 ||     5
       Potion            |       |     1 ||     1
  Eat: Chunk             |     1 |     4 ||     5
Armor: Scale mail        |    68 |    25 ||    93
Dodge: Dodged            |    35 |    29 ||    64
Block: Shield            |    56 |    39 ||    95
